 Dungeon Crawl Stone Soup version 0.18-a0-1560-ge216ca8 (webtiles) character file.

275 Duffy the Firebug (level 6, -14/49 HPs)
             Began as a Naga Fire Elementalist on Mar 12, 2016.
             Killed by divine providence
             ... invoked by an orc priest
              (16 damage)
             ... on level 5 of the Dungeon.
             The game lasted 00:08:53 (3280 turns).

Duffy the Firebug (Naga Fire Elementalist)          Turns: 3280, Time: 00:08:53

Health: -14/49     AC:  5    Str: 10    XL:     6   Next: 25%
Magic:  5/9        EV: 10    Int: 18    God:
Gold:   163        SH:  0    Dex: 11    Spells: 3 memorised, 2 levels left

rFire  . . .     SeeInvis +     s - +0 rapier
rCold  . . .     Gourm    .     a - +0 robe
rNeg   . . .     Faith    .     (no shield)
rPois  +         Spirit   .     (no helmet)
rElec  .         Dismiss  .     w - +0 cloak
rCorr  .         Reflect  .     i - +0 pair of gloves
SustAt .         Harm     .     (no barding)
MR     .....                    (no amulet)
Stlth  ++........               (no ring)
                                (no ring)

@: very slow, not resistant to hostile enchantments, unstealthy
A: see invisible, deformed body, poison resistance, slowness 2, slow metabolism
1, spit poison 2, AC +2
a: Spit Poison


You were on level 5 of the Dungeon.
You were not hungry.

You visited 1 branch of the dungeon, and saw 5 of its levels.

You collected 163 gold pieces.


Innate Abilities, Weirdness & Mutations

You cannot wear boots.
Your serpentine skin is tough (AC +2).
You have supernaturally acute eyesight.
Armour fits poorly on your strangely shaped body.
Your system is resistant to poisons.
You cover ground very slowly.
You have a slow metabolism.
You can spit poison.


   Skills:
 - Level 1.5 Dodging
 - Level 3.0 Stealth
 - Level 2.5 Spellcasting
 + Level 4.4 Conjurations
 + Level 4.7 Fire Magic


You had 2 spell levels left.
You knew the following spells:

 Your Spells              Type           Power        Failure   Level  Hunger
a - Flame Tongue          Conj/Fire      ###..        2%          1    #......
j - Sticky Flame          Conj/Fire      ###.....     28%         4    #####..
l - Conjure Flame         Conj/Fire      ###.....     10%         3    ###....

Inventory:

Hand Weapons
 j - a +0 dagger
 s - a +0 rapier (weapon)
Missiles
 e - 17 poisoned needles
Armour
 a - a +0 robe (worn)
 i - a +0 pair of gloves (worn)
 w - a +0 cloak (worn)
 z - a +0 shield
Jewellery
 x - an uncursed amulet of guardian spirit
Scrolls
 n - 2 scrolls of remove curse
 p - 3 scrolls of amnesia {unknown}
 r - a scroll of teleportation {unknown}
 B - a scroll of fog {unknown}
 C - a scroll of recharging {unknown}
Potions
 d - a potion of invisibility
 g - 2 potions of cancellation
 k - a potion of brilliance
 l - a potion of agility
 m - a potion of curing
 o - a potion of flight
 u - a potion of ambrosia {unknown}
 v - a potion of resistance
 A - a potion of berserk rage {unknown}
Books
 b - a book of Flames
Comestibles
 c - 4 bread rations
 f - a chunk of flesh
 h - a slice of pizza
 q - a beef jerky
 t - 3 meat rations

Dungeon Overview and Level Annotations

Branches:
Dungeon (5/15)
 Temple: D:4-7

Altars:
Gozag
Okawaru
The Shining One

Shops:
D:3 *

Annotations:
D:4 exclusions: 2 gnolls, orc warrior and 1 more exclusion


Message History

Aim: an orc priest, wielding a club and wearing a scale mail The splash of poison hits the orc priest.
The orc priest appears unharmed.
You feel slightly more hungry.
Cast which spell? (? or * to list)
Aiming: Flame Tongue
Press: ? - help, Shift-Dir - straight line, f/p - orc priest
Aim: an orc priest, wielding a club and wearing a scale mail The flame tongue hits the orc priest.
The orc priest is lightly wounded.
The orc priest calls down the wrath of Beogh upon you.
Pain shoots through your body!
Cast which spell? (? or * to list)
Aiming: Flame Tongue
Press: ? - help, Shift-Dir - straight line, f/p - orc priest
Aim: an orc priest, wielding a club and wearing a scale mail (lightly wounded)
The flame tongue hits the orc priest.
The orc priest is heavily wounded.
The orc priest hits you with a club.
Cast which spell? (? or * to list)
Aiming: Flame Tongue
Press: ? - help, Shift-Dir - straight line, f/p - orc priest
Aim: an orc priest, wielding a club and wearing a scale mail (heavily wounded)
The flame tongue misses the orc priest.
The orc priest mumbles some strange prayers to Beogh against you.
Beogh smites you!
You hear a shout!
Cast which spell? (? or * to list)
Aiming: Flame Tongue
Press: ? - help, Shift-Dir - straight line, f/p - orc priest
Aim: an orc priest, wielding a club and wearing a scale mail (heavily wounded)
The flame tongue misses the orc priest.
You have got your breath back.
The orc priest mumbles some strange prayers to Beogh against you.
Beogh smites you!
You die...

.........#.#..........#
.....(...#............#
.....)...##...........#
.#########.%.........##
#..#.#......## .
#.##.######## ...##
#.##.# ......###.##..
#..@o%###. ####..# .(
#....##. ..##..# ..##
#... ## #..# #.# .#


You could see an orc priest.

Action                   |  1- 3 |  4- 6 || total
-------------------------+-------+-------++-------
Melee: Dagger            |     2 |       ||     2
       Rapier            |       |    15 ||    15
 Cast: Flame Tongue      |    35 |    49 ||    84
       Conjure Flame     |       |     1 ||     1
 Abil: Spit Poison       |    27 |    31 ||    58
  Use: Scroll            |     4 |     5 ||     9
 Stab: Sleeping          |     1 |     2 ||     3
  Eat: Chunk             |     3 |     7 ||    10

Notes
Turn   | Place    | Note
--------------------------------------------------------------
     0 | D:1      | Duffy the Naga Fire Elementalist began the quest for the Orb.
     0 | D:1      | Reached XP level 1. HP: 15/15 MP: 3/3
   123 | D:1      | Reached skill level 2 in Conjurations
   123 | D:1      | Reached XP level 2. HP: 16/22 MP: 0/5
   867 | D:2      | Reached XP level 3. HP: 28/28 MP: 4/6
   889 | D:2      | Learned a level 3 spell: Conjure Flame
   936 | D:2      | Reached skill level 3 in Conjurations
  1405 | D:2      | Reached XP level 4. HP: 36/36 MP: 5/7
  1801 | D:3      | Learned a level 4 spell: Sticky Flame
  1852 | D:3      | Found an opulent altar of Gozag.
  1853 | D:3      | Found Gozag's Platinum Reserve.
  2339 | D:4      | Noticed an ogre
  2345 | D:4      | Killed an ogre
  2345 | D:4      | Reached skill level 4 in Fire Magic
  2345 | D:4      | Reached XP level 5. HP: 42/42 MP: 5/8
  2495 | D:4      | Found a glowing golden altar of the Shining One.
  2551 | D:4      | Reached skill level 4 in Conjurations
  2845 | D:4      | Noticed an orc warrior
  2852 | D:5      | Entered Level 5 of the Dungeon
  3096 | D:5      | Found an iron altar of Okawaru.
  3138 | D:5      | Reached XP level 6. HP: 35/49 MP: 0/9
  3271 | D:5      | Noticed an ice beast
  3280 | D:5      | Killed from afar by an orc priest

Vault maps used:
D:1:      nicolae_arrival_washed_ashore, minmay_misc_feat_more_columns,
          minmay_misc_feat_ornament, hex_large, corexii_item_surrounded_by_moat
D:2:      first_bread
D:3:      st_stairs_11, nicolae_gozag_zags_fifth_avenue
D:4:      tso_metal_star, serial_forest, infiniplex_forest_zigzag_2,
          infiniplex_forest_end_3, infiniplex_forest_clump_curved,
          infiniplex_forest_diagonal, infiniplex_forest_lined_3,
          infiniplex_forest_lined_2, infiniplex_forest_straight_2,
          infiniplex_forest_clump_curved, infiniplex_forest_end_3,
          roderic_lattice_a, guppyfry_early_orc_mine
D:5:      lemuel_crystal_altar, kiku_gazebo_pond_becter

Vanquished Creatures
  An ogre
  A scorpion
  An iguana
  2 adders
  A shadow imp
  2 oozes
  An adder zombie
  An adder skeleton
  A dart slug
  7 giant geckos
  5 orcs
  2 ball pythons
  3 giant cockroaches
  8 goblins
  6 hobgoblins
  2 jackals
  A quokka
  9 bats
  4 giant newts
  4 kobolds
  8 rats
70 creatures vanquished.
